 Dungeon Crawl Stone Soup version 0.30.0-30-g96aa6591b8 (webtiles) character file.

Game seed: 11578099317584857746

85 bmack86 the Chopper (level 4, 0/39 HPs)
             Began as a Minotaur Fighter on June 29, 2023.
             Slain by an orc
             ... wielding a +0 hand axe
              (6 damage)
             ... on level 3 of the Dungeon.
             The game lasted 00:05:54 (1414 turns).

bmack86 the Chopper (Minotaur Fighter)              Turns: 1414, Time: 00:05:54

Health: 0/39       AC: 11    Str: 22    XL:     4   Next: 25%
Magic:  3/3        EV:  5    Int:  5    God:
Gold:   190        SH:  8    Dex: 10    Spells: 3/3 levels left

rFire   . . .        a - +0 war axe
rCold   . . .        s - +0 kite shield
rNeg    . . .        t - +0 plate armour
rPois   .            (helmet restricted)
rElec   .            (no cloak)
rCorr   .            (no gloves)
SInv    .            (no boots)
Will    .....        (no amulet) Stlth
                     (no ring)
HPRegen 0.26/turn    (no ring)
MPRegen 0.08/turn

%: no passive effects
@: no status effects
A: horns 2, retaliatory headbutt
a: no special abilities


You were on level 3 of the Dungeon.
You visited 1 branch of the dungeon, and saw 3 of its levels.

You collected 212 gold pieces.
You spent 22 gold pieces at shops.

Inventory:

Hand Weapons
 a - a +0 war axe (weapon)
Missiles
 l - 5 javelins (quivered)
Armour
 s - a +0 kite shield (worn)
 t - a +0 plate armour (worn)
Jewellery
 j - a ring of wizardry
Scrolls
 f - a scroll of teleportation {unknown}
 k - a scroll of amnesia {unknown}
 m - a scroll of identify
 p - a scroll of poison {unknown}
 q - a scroll of magic mapping {unknown}
 r - 3 scrolls of vulnerability {unknown}
Potions
 d - 2 potions of might
 e - a potion of mutation {unknown}
 g - a potion of curing {unknown}
 h - 2 potions of haste {unknown}
 i - 2 potions of heal wounds {unknown}
 n - a potion of berserk rage {unknown}


   Skills:
 - Level 3.6 Fighting
 + Level 5.5 Axes
 - Level 3.6 Armour
 - Level 3.6 Shields


You had 3 spell levels left.
You didn't know any spells.
Your spell library contained the following spells:

 Spells                   Type           Power      Damage    Failure   Level
 Magic Dart               Conj           0%         1d3       100%        1
 Call Imp                 Summ           0%         N/A       100%        2
 Cigotuvi's Dreadful Rot  Necr/Pois/Air  0%         N/A       100%        2
 Ignite Poison            Fire/Tmut/Pois 0%         N/A       100%        3
 Mephitic Cloud           Conj/Pois/Air  0%         N/A       100%        3
 Freezing Cloud           Conj/Ice/Air   0%         6-21      100%        5


Dungeon Overview and Level Annotations

Branches:
Dungeon (3/15)

Altars:
Nemelex Xobeh
Yredelemnul

Shops:
D:1 ?


Innate Abilities, Weirdness & Mutations

You have a pair of horns on your head.
You reflexively headbutt those who attack you in melee.


Message History

Found 5 stones.
Found a stone staircase leading up and a stone staircase leading down.
There is a stone staircase leading up here.
There is a stone staircase leading down here.
A bat comes into view.
A bat is nearby!
You slash the bat!
You kill the bat!
You see here a bat corpse.
Found a chain mail.
There is a stone staircase leading up here. 2 orcs come into view.
Found a basalt altar of Yredelemnul.
The orc shouts!
An orc priest comes into view. It is wielding a +0 mace.
The orc moves out of view.
An orc wizard comes into view. It is wielding a +0 dagger.
The orc priest shouts!
The orc wizard shouts!
The orc wizard points at you and mumbles some strange words.
The puff of flame hits you!
You barely miss the orc.
The orc wizard points at you and mumbles some strange words.
The puff of flame hits you but does no damage.
The orc wizard mumbles some strange words.
The orc wizard flickers and vanishes!
Deactivating autopickup; reactivate with Ctrl-A.
You block the orc's attack.
The orc priest calls down the wrath of Beogh upon you.
Beogh smites you! You block the orc's attack.
You barely miss the orc.
You hit the orc priest but do no damage.
You slash the orc!
You kill the orc!
You closely miss something.
You hear some strange, mumbled words.
A puff of flame appears from out of thin air!
The puff of flame hits you!
* * * LOW HITPOINT WARNING * * *
The orc hits you with a +0 hand axe.
You die...

. .# .## ...
... #.#####.#
#.......
#.#...#
#.#oo.#.# # #
#.#@{.#.#..
#.#..)....#.#
#.#.#####.#.#
#...........#
###...<(....#
#<#.......#
##.###...###
##.#.##.>.#
####.###.##.##


You could see an orc priest and an orc.

Vanquished Creatures
  3 adders (D:2)
  2 dart slugs (D:1)
  An orc (D:3)
  9 bats
  7 endoplasms
  3 goblins (D:2)
  9 hobgoblins
  5 quokkas
  2 ball pythons
  2 frilled lizards (D:2)
  4 kobolds
  2 rats (D:1)
49 creatures vanquished.

Notes
Turn   | Place    | Note
-------+----------+-------------------------------------------
     0 | D:1      | bmack86 the Minotaur Fighter began the quest for the Orb.
     0 | D:1      | Reached XP level 1. HP: 19/19 MP: 0/0
    32 | D:1      | Reached skill level 3 in Axes
    46 | D:1      | Reached XP level 2. HP: 26/26 MP: 1/1
   164 | D:1      | Reached skill level 4 in Axes
   343 | D:1      | Reached XP level 3. HP: 18/31 MP: 2/2
   453 | D:1      | Found Vedoos's Magic Scroll Emporium.
   456 | D:1      | Bought a scroll of identify for 22 gold pieces
   548 | D:2      | Reached skill level 5 in Axes
   857 | D:2      | Found a sparkling altar of Nemelex Xobeh.
   880 | D:2      | Reached XP level 4. HP: 39/39 MP: 3/3
  1409 | D:3      | Found a basalt altar of Yredelemnul.
  1414 | D:3      | Slain by an orc

Illustrated notes

Levels and vault maps discovered:
D:1:      shiori_arrival_maze, layout_rooms, serial_shops,
          nicolae_shop_behind_doors
D:2:      layout_loops_corners, basic_altar
D:3:      layout_loops_ring, marbit_many_paths,
          mainiacjoe_overflow_cross_hatched, kennysheep_flooded_box,
          lightli_corner_chamber

Skill      XL: |  1  2  3 |
---------------+----------+-----
Axes           | 3 4 5 |  5.5
Fighting       | |  3.6
Armour         | |  3.6
Shields        | |  3.6

Action                     |  1- 3 |  4- 6 || total
---------------------------+-------+-------++-------
  Melee: War axe           |    74 |    19 ||    93
         Headbutt          |    11 |     1 ||    12
 Armour: Scale mail        |    54 |       ||    54
         Chain mail        |       |     5 ||     5
         Plate armour      |       |     1 ||     1
  Dodge: Dodged            |    44 |     4 ||    48
  Block: Buckler           |    25 |     4 ||    29
         Kite shield       |       |     2 ||     2
